 Dungeon Crawl Stone Soup version 0.32-a0-576-g706899e69d (webtiles) character file.

Game seed: 10149653642917226732

10 Drazool the Shooter (level 2, 22/22 HPs)
             Began as a Coglin Hunter on Mar 1, 2024.
             Was a Follower of Makhleb.
             Quit the game on level 1 of the Dungeon.
             The game lasted 00:00:46 (144 turns).

Drazool the Shooter (Coglin Hunter)                  Turns: 144, Time: 00:00:46

Health: 22/22      AC:  6    Str: 11    XL:     2   Next: 20%
Magic:  2/2        EV: 12    Int:  8    God:    Makhleb [*.....]
Gold:   8          SH:  0    Dex: 17    Spells: 1/1 levels left

rFire   . . .        a - +2 sling {Javier}
rCold   . . .        d - +0 sling {Daichi}
rNeg    . . .        c - +0 leather armour
rPois   .            (no helmet)
rElec   .            g - +2 cloak
rCorr   .            (no gloves)
SInv    .            (no boots)
Will    .....        (amulet unavailable)
Stlth   ++           (ring unavailable)
HPRegen 0.23/turn    (ring unavailable)
MPRegen 0.08/turn    (no gizmo)

%: no passive effects
@: revved
A: off-hand wielding, slow wielding, warmup strikes, no jewellery
a: Invent Gizmo, Renounce Religion


You were on level 1 of the Dungeon.
You worshipped Makhleb.
Makhleb was aware of your devotion.
You visited 1 branch of the dungeon, and saw 1 of its levels.

You collected 8 gold pieces.


Innate Abilities, Weirdness & Mutations

You can wield a second weapon in your off-hand.
It takes a long time for you to wield or remove held weapons.
Your first few attacks do less damage.
You cannot equip rings or amulets.


   Skills:
 - Level 2.0 Fighting
 + Level 4.1 Ranged Weapons
 - Level 1.7 Dodging
 - Level 0.7 Stealth


You had one spell level left.
You didn't know any spells.
Your spell library was empty.

Inventory:

Hand Weapons
 a - a +2 sling (weapon) {Javier}
 d - a +0 sling (offhand) {Daichi}
Armour
 c - a +0 leather armour (worn)
 g - a +2 cloak (worn)
Scrolls
 b - a scroll of butterflies
 e - 2 scrolls of immolation {unknown}
Potions
 f - a potion of heal wounds {unknown}

Dungeon Overview and Level Annotations

Branches:
Dungeon (1/15)

Altars:
Makhleb

#........#.........
#.#......#..>......
#.##...#.........
#...##...........
###. ###...⌠#...#
#.###..⚑......#
###.#......∩....#
.................#
#.......#@...)....
.........##.##...#
......... .# ####
.........# ..
.........# ##.
....)....# .#
.......# ......


There were no monsters in sight!


Message History

The goblin is severely wounded.
A hobgoblin comes into view.
Unknown command.
You shoot a sling bullet.
The sling bullet barely misses the goblin.
The hobgoblin shouts!
The sling bullet hits the hobgoblin but does no damage.
You shoot a sling bullet. The sling bullet hits the goblin.
You kill the goblin!
Makhleb accepts your kill.
An endoplasm comes into view.
Your Ranged Weapons skill increases to level 4!
You have reached level 2!
You shoot a sling bullet. The endoplasm quivers.
The sling bullet hits the hobgoblin.
The hobgoblin is moderately wounded.
You shoot a sling bullet. The sling bullet hits the hobgoblin.
The hobgoblin is severely wounded.
You shoot a sling bullet. The sling bullet hits the hobgoblin.
You kill the hobgoblin!
Makhleb accepts your kill.
You shoot a sling bullet. The sling bullet hits the endoplasm.
The endoplasm is moderately wounded.
Unknown command.
You shoot a sling bullet. The sling bullet hits the endoplasm.
You kill the endoplasm!
Makhleb accepts your kill.
You shoot a sling bullet.
Are you sure you want to abandon this character and quit the game? (Confirm with "yes".)

Skill      XL: |  1 |
---------------+----+-----
Ranged Weapons | 4 |  4.1
Fighting       | |  2.0
Dodging        | |  1.7
Stealth        | |  0.7

Action                     || total
---------------------------++-------
   Fire: Sling             ||    46
 Armour: Leather armour    ||     8
  Dodge: Dodged            ||    11

Levels and vault maps discovered:
D:1:      dpeg_arrival_rhombi, layout_rooms, ebering_ecumenical_altar_abandoned

Notes
Turn   | Place    | Note
-------+----------+-------------------------------------------
     0 | D:1      | Drazool the Coglin Hunter began the quest for the Orb.
     0 | D:1      | Reached XP level 1. HP: 16/16 MP: 1/1
   115 | D:1      | Found a faded altar of an unknown god.
   133 | D:1      | Prayed at the altar of an unknown god.
   133 | D:1      | Became a worshipper of Makhleb the Destroyer
   133 | D:1      | Reached * piety under Makhleb
   141 | D:1      | Reached skill level 4 in Ranged Weapons
   141 | D:1      | Reached XP level 2. HP: 22/22 MP: 2/2
   144 | D:1      | Quit the game

Vanquished Creatures
  An endoplasm (D:1)
  A goblin (D:1)
  A hobgoblin (D:1)
  3 kobolds (D:1)
  A quokka (D:1)
  A ball python (D:1)
  A bat (D:1)
9 creatures vanquished.

Table legend: (Time is in decaauts)
 A = Elapsed time spent in this place.
 B = Non-inter-level travel time spent in this place.
 C = Inter-level travel time spent in this place.
 D = Time resting spent in this place.
 E = Time spent auto-exploring this place.
 F = Levels seen in this place.
 G = Mean time per level.
                   A        B        C        D        E       F      G
               +--------+--------+--------+--------+--------+-----+--------+
         Total |    149 |    149 |      0 |      0 |     89 |   1 |  149.0 |
       Dungeon |    149 |    149 |      0 |      0 |     89 |   1 |  149.0 |
               +--------+--------+--------+--------+--------+-----+--------+

Top non-repeatable levels by time:
     D:1: 149 daAuts

Table legend:
 A = Non-vault XP
 B = Vault XP
 C = Vault XP percentage of total XP
 D = Non-vault monster count
 E = Vault monster count
 F = Vault count percentage of total count
                 A         B        C        D         E       F
            +---------+---------+-------+---------+---------+-------
      Total |      15 |       0 |   0.0 |       9 |       0 |   0.0
            +---------+---------+-------+---------+---------+-------
        D:1 |      15 |       0 |   0.0 |       9 |       0 |   0.0
            +---------+---------+-------+---------+---------+-------
